 Dungeon Crawl Stone Soup version 0.30-a0-881-g1ff12e1e11 (webtiles) character file.

Game seed: 12101671696707561173

279 dialectric the Conjurer (level 6, -16/47 HPs)
             Began as a Demonspawn Wanderer on Mar 14, 2023.
             Demolished by an ogre
             ... wielding a +0 giant club
              (27 damage)
             ... on level 4 of the Dungeon.
             The game lasted 00:06:42 (3261 turns).

dialectric the Conjurer (Demonspawn Wanderer)       Turns: 3261, Time: 00:06:42

Health: -16/47     AC:  6    Str: 10    XL:     6   Next: 5%
Magic:  9/9        EV: 13    Int: 17    God:
Gold:   113        SH:  0    Dex: 13    Spells: 6/9 levels left

rFire   . . .      SeeInvis .    a - +0 dagger
rCold   + . .      Faith    .    (no shield)
rNeg    . . .      Spirit   .    p - +1 leather armour {rC+}
rPois   .          Reflect  .    (no helmet)
rElec   .          Rampage  .    d - +0 cloak
rCorr   .                        m - +0 pair of gloves
Will    .....                    (no boots)
Stlth   +                        (no amulet)
HPRegen 0.27/turn                (no ring)
MPRegen 0.11/turn                (no ring)

@: no status effects
A: repulsion field 1, spiny 2
a: no special abilities


You were on level 4 of the Dungeon.
You visited 1 branch of the dungeon, and saw 5 of its levels.

You collected 113 gold pieces.

Inventory:

Hand Weapons
 a - a +0 dagger (weapon)
Armour
 c - a +0 robe
 d - a +0 cloak (worn)
 m - a +0 pair of gloves (worn)
 p - a +1 leather armour of cold resistance (worn)
Jewellery
 o - a ring of protection from fire
Scrolls
 b - a scroll of fear
 e - 3 scrolls of identify {unknown}
 f - a scroll of poison {unknown}
 i - a scroll of amnesia {unknown}
 j - 2 scrolls of vulnerability {unknown}
 q - a scroll of immolation {unknown}
Potions
 h - a potion of haste {unknown}
 k - a potion of degeneration {unknown}
 l - a potion of heal wounds
 n - 2 potions of magic


   Skills:
 * Level 3.1 Fighting
 - Level 1.0 Armour
 - Level 2.1 Dodging
 * Level 2.3 Unarmed Combat
 + Level 2.2 Spellcasting
 - Level 3.7 Conjurations
 * Level 2.1 Transmutations
 + Level 2.2 Poison Magic


You had 6 spell levels left.
You knew the following spells:

 Your Spells              Type           Power      Damage    Failure   Level
a - Spider Form           Tmut/Pois      9%         N/A       30%         3

Your spell library contained the following spells:

 Spells                   Type           Power      Damage    Failure   Level
 Sting                    Tmut/Pois      36%        1d4       11%         1
 Shock                    Conj/Air       32%        1d5       12%         1
 Momentum Strike          Conj/Tloc      16%        3d8       19%         2
 Hailstorm                Conj/Ice       8%         3d4       34%         3
 Stone Arrow              Conj/Erth      16%        3d8       34%         3
 Blink                    Tloc           2%         N/A       36%         2
 Ensorcelled Hibernation  Hex/Ice        2%         N/A       36%         2
 Lesser Beckoning         Tloc           2%         N/A       36%         2
 Vhi's Electric Charge    Tloc/Air       2%         N/A       61%         3
 Anguish                  Hex/Necr       0%         N/A       95%         4
 Arcjolt                  Conj/Air       4%         1d14      97%         5
 Maxwell's Capacitive Co  Air            0%         ∞         100%        8


Dungeon Overview and Level Annotations

Branches:
Dungeon (5/15)             Temple (0/1) D:5

Altars:
Ashenzari
Kikubaaqudgha
Ru

Shops:
D:5 =

Annotations:
D:2 Sigmund


Innate Abilities, Weirdness & Mutations

You are surrounded by a mild repulsion field. (EV +2)
You are mostly covered in sharp spines.


Message History

The gnoll barely misses you.
Unknown command.
The scorpion attacks as you move away! The scorpion is struck by your spines.
You kill the scorpion!
Your Fighting skill increases to level 3!
You have reached level 6!
Your demonic ancestry asserts itself...
You begin to radiate repulsive energy.
Unknown command.
You see here a quokka skeleton.
There is a stone staircase leading up here.
The gnoll closely misses you.
You climb upwards.
The ogre barely misses you.
There is a stone staircase leading down here.
Unknown command.
You hit the ogre.
The ogre is lightly wounded.
The ogre completely misses you.
You hit the ogre but do no damage.
The ogre is lightly wounded.
The ogre is struck by your spines. The ogre closely misses you.
You hit the ogre.
The ogre is moderately wounded.
You hit the ogre.
The ogre is moderately wounded.
The ogre misses you.
You hit the ogre.
The ogre is moderately wounded.
The ogre is struck by your spines. The ogre misses you.
You hit the ogre but do no damage.
The ogre is heavily wounded.
You hit the ogre but do no damage. Your punch misses the ogre.
The ogre is heavily wounded.
The ogre completely misses you.
You barely miss the ogre.
The ogre is heavily wounded.
The ogre is struck by your spines.
The ogre hits you with a +0 giant club!!
Ouch! That really hurt!
You die...

#######.# #.##.##.# #....).###
#.......####.##.##.#####.####....
..#####|.....##..........# #..#.
.....##.#########...####.# .....
......#.# ##......# ........#.
#.......# #......## ..#.#...#.
#.......# #...#.## #.........
...#..#.# #..O#### #.## #....
##.#..#.# #..@##.# #. #.####
##.##.#.# #...#.# .
##..†)..######....#
#####.##..)......## #
#....<......##
##....##.........##
#.###########....# #...#.#
#.).##.#


You could see an ogre.

Vanquished Creatures
  2 scorpions (D:5)
  2 gnolls (D:5)
  5 adders
  A shadow imp (D:5)
  An ufetubus (D:4)
  2 dart slugs
  6 orcs
  3 ball pythons (D:1)
  4 endoplasms
  4 giant cockroaches
  6 goblins
  7 hobgoblins
  4 jackals (D:3)
  3 kobolds
  3 quokkas
  4 bats
  5 frilled lizards
  6 rats
68 creatures vanquished.

Notes
Turn   | Place    | Note
-------+----------+-------------------------------------------
     0 | D:1      | dialectric the Demonspawn Wanderer began the quest for the
                  | Orb.
     0 | D:1      | dialectric set off with the following items: a +0 dagger, a
                  | scroll of fear, a +0 robe, a +0 cloak; and the following
                  | spells available to memorise: Shock, Sting, Hailstorm,
                  | Stone Arrow, Spider Form.
     0 | D:1      | Reached XP level 1. HP: 13/13 MP: 3/3
   396 | D:1      | Gained mutation: You are partially covered in sharp spines.
                  | [demonic ancestry]
   396 | D:1      | Reached XP level 2. HP: 11/19 MP: 5/5
  1253 | D:2      | Reached XP level 3. HP: 24/25 MP: 6/6
  1257 | D:2      | Learned a level 3 spell: Spider Form
  1424 | D:2      | Noticed Sigmund
  2004 | D:3      | Reached skill level 1 in Unarmed Combat
  2101 | D:3      | Reached skill level 1 in Fighting
  2223 | D:3      | Found a broken altar of Ashenzari.
  2223 | D:3      | Found a sacrificial altar of Ru.
  2224 | D:3      | Found an ancient bone altar of Kikubaaqudgha.
  2491 | D:4      | Reached XP level 4. HP: 30/32 MP: 7/7
  2492 | D:4      | Reached skill level 1 in Transmutations
  2683 | D:4      | Noticed an ogre
  2840 | D:4      | Noticed an ogre
  2859 | D:5      | Entered Level 5 of the Dungeon
  2984 | D:5      | Found Qeklocyo's Jewellery Shop.
  2984 | D:5      | Noticed a scorpion
  2998 | D:5      | Killed a scorpion
  2999 | D:5      | Gained mutation: You are mostly covered in sharp spines.
                  | [demonic ancestry]
  2999 | D:5      | Reached XP level 5. HP: 13/39 MP: 8/8
  3011 | D:5      | Found a staircase to the Ecumenical Temple.
  3235 | D:5      | Gained mutation: You are surrounded by a mild repulsion
                  | field. (EV +2) [demonic ancestry]
  3235 | D:5      | Reached XP level 6. HP: 3/47 MP: 9/9
  3261 | D:4      | Demolished by an ogre

Illustrated notes

Levels and vault maps discovered:
D:1:      mrwooster_arrival_arrow, layout_basic, serial_curves, eino_curves_04,
          eino_curves_02, eino_curves_03, eino_curves_01, serial_bayou_lake_a
D:2:      layout_basic, hangedman_decor_points, uniq_sigmund
D:3:      layout_basic, gammafunk_temple_overflow_claw
D:4:      layout_loops_cross, bh_walls_and_bars
D:5:      minmay_clustersquares, layout_basic,
          minmay_temple_entry_drinking_statues, serial_shops, shop,
          cheibrodos_sewer_entry_drain, minmay_misc_feat_more_columns

Skill      XL: |  1  2  3  4  5 |
---------------+----------------+-----
Dodging        | 2 |  2.1
Unarmed Combat | 1 2 |  2.3
Fighting       | 1 2 3 |  3.1
Transmutations | 1 2 |  2.1
Armour         | |  1.0
Spellcasting   | |  2.2
Conjurations   | |  3.7
Poison Magic   | |  2.2

Action                     |  1- 3 |  4- 6 || total
---------------------------+-------+-------++-------
  Melee: Dagger            |   152 |    66 ||   218
         Punch             |       |     3 ||     3
  Throw: Dart              |    21 |       ||    21
    Use: Potion            |     2 |     3 ||     5
 Armour: Robe              |    21 |       ||    21
         Leather armour    |    12 |    16 ||    28
  Dodge: Dodged            |    98 |    44 ||   142

Table legend: (Time is in decaauts)
 A = Elapsed time spent in this place.
 B = Non-inter-level travel time spent in this place.
 C = Inter-level travel time spent in this place.
 D = Time resting spent in this place.
 E = Time spent auto-exploring this place.
 F = Levels seen in this place.
 G = Mean time per level.
                   A        B        C        D        E       F      G
               +--------+--------+--------+--------+--------+-----+--------+
         Total |   3281 |   3167 |    114 |     40 |   2221 |   5 |  656.2 |
       Dungeon |   3281 |   3167 |    114 |     40 |   2221 |   5 |  656.2 |
               +--------+--------+--------+--------+--------+-----+--------+

Top non-repeatable levels by time:
     D:1: 1190 daAuts
     D:2: 769 daAuts
     D:3: 539 daAuts
     D:5: 393 daAuts
     D:4: 388 daAuts
